 Dungeon Crawl Stone Soup version 0.18.1-48-g4cf74bf (webtiles) character file.

3239 tyranidshit the Fighter (level 9, -4/81 HPs)
             Began as a Demonspawn Abyssal Knight on Sept 10, 2016.
             Was an Elder of Lugonu.
             Slain by ReniFell's ghost (20 damage)
             ... on level 9 of the Dungeon.
             The game lasted 00:17:07 (6098 turns).

tyranidshit the Fighter (Demonspawn Abyssal Knight) Turns: 6098, Time: 00:17:07

Health: -4/81      AC: 20    Str: 17    XL:     9   Next: 67%
Magic:  10/10      EV:  5    Int: 13    God:    Lugonu [****..]
Gold:   353        SH:  9    Dex: 12    Spells: 0 memorised, 8 levels left

rFire  + . .     SeeInvis .     B - -3 war axe (curse)
rCold  . . .     Gourm    .     p - +0 plate armour
rNeg   . . .     Faith    .     h - +2 buckler {rF+}
rPois  .         Spirit   .     (helmet unavailable)
rElec  .         Dismiss  .     i - +2 cloak
rCorr  .         Reflect  .     u - +2 pair of gloves {archery}
SustAt +         Harm     .     (no boots)
MR     .....                    e - amulet of regeneration
Stlth  ..........               (no ring)
                                n - ring of sustain attributes

@: not resistant to hostile enchantments, extremely unstealthy
A: horns 3, large bone plates 1, powered by death 2, spiny 2
a: Depart the Abyss, Bend Space, Banish, Corrupt, Renounce Religion


You were on level 9 of the Dungeon.
You worshipped Lugonu.
Lugonu was greatly pleased with you.
You were hungry.

You visited 2 branches of the dungeon, and saw 10 of its levels.
You visited the Abyss 1 time.

You collected 492 gold pieces.
You spent 139 gold pieces at shops.

Inventory:

Hand Weapons
 a - a +4 hand axe
 B - a cursed -3 war axe (weapon)
Armour
 h - a +2 buckler of fire resistance (worn)
 i - a +2 cloak (worn)
 p - a +0 plate armour (worn)
 u - a +2 pair of gloves of archery (worn)
Jewellery
 e - an amulet of regeneration (around neck)
 n - a ring of sustain attributes (left hand)
 r - a -3 ring of intelligence
 A - an uncursed ring of fire
Wands
 b - a wand of random effects (25/48)
 f - a wand of iceblast (7/15)
 w - a wand of slowing (16/48)
 C - a wand of disintegration (0/24)
 D - a wand of slowing (33/48)
Scrolls
 j - 9 scrolls of identify
 l - a scroll of enchant armour
 m - 4 scrolls of enchant weapon
 t - a scroll of amnesia
 x - 3 scrolls of magic mapping
Potions
 o - a potion of curing
 q - a potion of agility
 s - a potion of brilliance
Books
 y - a book of Cantrips

   Spells                             Type                      Level
   a - Corona                         Hexes                        1
   b - Animate Skeleton               Necromancy                   1
   c - Summon Small Mammal            Summoning                    1
   d - Apportation                    Translocation                1
Comestibles
 c - 2 bread rations
 d - 3 fruits
 g - 4 meat rations
 k - 4 beef jerkies
 z - 7 slices of pizza


   Skills:
 - Level 11.1 Fighting
 + Level 4.6 Axes
 + Level 4.7 Armour
 - Level 0.8 Dodging
 + Level 4.1 Shields
 - Level 2.4 Invocations


You had 8 spell levels left.
You didn't know any spells.

Dungeon Overview and Level Annotations

Branches:
Dungeon (9/15)             Temple (1/1) D:6            Lair (0/8) D:8
    Orc: D:9-12

Altars:
Ashenzari
Cheibriados
Dithmenos
Elyvilon
Fedhas
Gozag
Makhleb
Qazlal
Ru
Sif Muna
Trog
Yredelemnul
Zin
The Shining One

Shops:
D:8 [   D:9 =

Annotations:
D:9 ReniFell's ghost, novice TrMo


Innate Abilities, Weirdness & Mutations

You have a pair of large horns on your head.
You are partially covered in large bone plates (AC +2, SH +2).
You regenerate health from kills.
You are mostly covered in sharp spines.


Message History

You closely miss ReniFell's ghost. Your headbutt misses ReniFell's ghost.
ReniFell's ghost is almost destroyed.
ReniFell's ghost hits you!
* * * LOW HITPOINT WARNING * * *
You closely miss ReniFell's ghost.
ReniFell's ghost is almost destroyed.
ReniFell's ghost is struck by your spines.
ReniFell's ghost hits you!
* * * LOW HITPOINT WARNING * * *
You block ReniFell's ghost's attack.
You hit ReniFell's ghost. Your headbutt misses ReniFell's ghost.
ReniFell's ghost is almost destroyed.
ReniFell's ghost barely misses you.
Drink which item? (? for menu, Esc to quit)
You feel better. You block ReniFell's ghost's attack.
You miss ReniFell's ghost.
ReniFell's ghost is almost destroyed.
ReniFell's ghost is struck by your spines.
ReniFell's ghost hits you!!
You die...

#..............##[#
#..................
#.....#........##.##
#.....###...........
#.........>.........#
#.....####...####.# #
.............# .#
...###.......####W######
...#.........)..@...<...
...#..........###.######
...#..........# .#
####.)........# .#
#..........# .#
#..........# .#
#..........# .#
#..........# .#
#..........#


You could see ReniFell's ghost.

Vanquished Creatures
  Maurice (D:9)
  Prince Ribbit (D:7)
  A human (D:7)
  2 hell hounds (D:8)
  An orc warrior (D:8)
  A black bear (D:7)
  The ghost of HEYYEYAAE the Skirmisher, an amateur DgGl (D:3)
  2 ogres
  4 centaurs
  A big kobold (D:7)
  4 giant frogs
  3 scorpions
  2 howler monkeys
  2 crimson imps (D:8)
  2 hounds
  Crazy Yiuf (D:3)
  8 orc priests
  A centaur skeleton (D:7)
  Jessica (D:2)
  6 orc wizards
  Natasha (twice) (D:3)
  6 worker ants
  4 sheep (D:7)
  A howler monkey skeleton (D:6)
  5 adders
  An ooze (D:4)
  2 worms
  An adder zombie (D:4)
  A dart slug (D:1)
  6 giant geckos
  19 orcs
  7 bats
  5 giant cockroaches
  5 hobgoblins
  10 jackals
  6 quokkas
  A ball python (D:2)
  8 giant newts
  5 goblins
  A jackal zombie (D:6)
  12 kobolds
  A quokka zombie (D:5)
  4 rats
  2 plants (D:4)
160 creatures vanquished.

Notes
Turn   | Place    | Note
--------------------------------------------------------------
     0 | Abyss:1  | tyranidshit the Demonspawn Abyssal Knight began the quest for the Orb.
     0 | Abyss:1  | Reached XP level 1. HP: 18/18 MP: 2/2
    23 | Abyss:2  | Found a corrupted altar of Lugonu.
    29 | Abyss:2  | Noticed a wraith
    38 | Abyss:2  | Found a corrupted altar of Lugonu.
    41 | Abyss:2  | Noticed a thrashing horror
    45 | D:1      | Escaped the Abyss
    79 | D:1      | Reached * piety under Lugonu
   169 | D:1      | Gained mutation: You have a pair of small horns on your head. [demonic ancestry]
   169 | D:1      | Reached XP level 2. HP: 24/24 MP: 3/3
   365 | D:1      | Reached skill level 4 in Fighting
   558 | D:2      | Gained mutation: You have a pair of horns on your head. [demonic ancestry]
   558 | D:2      | Reached XP level 3. HP: 30/30 MP: 4/4
   676 | D:2      | Reached ** piety under Lugonu
   873 | D:2      | Found a sacrificial altar of Ru.
   918 | D:2      | Noticed Jessica
   923 | D:2      | Killed Jessica
   923 | D:2      | Gained mutation: You regenerate a little health from kills. [demonic ancestry]
   923 | D:2      | Reached XP level 4. HP: 23/38 MP: 5/5
  1244 | D:3      | Reached skill level 5 in Fighting
  1384 | D:3      | Noticed HEYYEYAAE's ghost (amateur DgGl)
  1443 | D:4      | Found a white marble altar of Elyvilon.
  1499 | D:4      | Gained mutation: You regenerate health from kills. [demonic ancestry]
  1499 | D:4      | Reached XP level 5. HP: 43/46 MP: 6/6
  1520 | D:4      | Reached skill level 6 in Fighting
  1644 | D:4      | Gained mutation: You are partially covered in large bone plates (AC +2, SH +2). [demonic ancestry]
  1644 | D:4      | Reached XP level 6. HP: 35/53 MP: 7/7
  1867 | D:4      | Reached skill level 7 in Fighting
  2033 | D:5      | Entered Level 5 of the Dungeon
  2038 | D:5      | Reached *** piety under Lugonu
  2310 | D:5      | Found an opulent altar of Gozag.
  2313 | D:5      | Found a shattered altar of Ashenzari.
  2549 | D:5      | Found a glowing silver altar of Zin.
  2703 | D:6      | Found a blossoming altar of Fedhas.
  2795 | D:6      | Reached skill level 8 in Fighting
  2795 | D:6      | Gained mutation: You are partially covered in sharp spines. [demonic ancestry]
  2795 | D:6      | Reached XP level 7. HP: 46/62 MP: 8/8
  2824 | D:6      | Found a glowing golden altar of the Shining One.
  3185 | D:6      | Found a bloodstained altar of Trog.
  3351 | D:6      | Reached skill level 9 in Fighting
  3396 | D:6      | Found a staircase to the Ecumenical Temple.
  3572 | Temple   | Entered the Ecumenical Temple
  4159 | D:7      | Gained mutation: You have a pair of large horns on your head. [demonic ancestry]
  4159 | D:7      | Reached XP level 8. HP: 66/72 MP: 9/9
  4231 | D:7      | Reached skill level 10 in Fighting
  4583 | D:7      | Noticed Prince Ribbit
  4599 | D:7      | Killed Prince Ribbit
  4599 | D:7      | Reached **** piety under Lugonu
  4599 | D:7      | Reached skill level 11 in Fighting
  4771 | D:8      | Reached skill level 1 in Shields
  4849 | D:8      | Found Diwareto's Antique Armour Shop.
  4857 | D:8      | Bought a pair of embroidered gloves for 139 gold pieces
  4864 | D:8      | Gained mutation: You are mostly covered in sharp spines. [demonic ancestry]
  4864 | D:8      | Reached XP level 9. HP: 81/81 MP: 10/10
  4910 | D:8      | Found a shadowy altar of Dithmenos.
  4952 | D:8      | Found a staircase to the Lair.
  5491 | D:3      | Killed HEYYEYAAE's ghost
  5556 | D:3      | Noticed Natasha
  5563 | D:3      | Killed Natasha
  5683 | D:3      | Noticed Natasha
  5689 | D:3      | Killed Natasha
  5766 | D:3      | Noticed Crazy Yiuf
  5771 | D:3      | Killed Crazy Yiuf
  5918 | D:9      | Found Zadghud's Jewellery Boutique.
  5918 | D:9      | Noticed ReniFell's ghost (novice TrMo)
  6011 | D:9      | Noticed Maurice
  6044 | D:9      | Killed Maurice
  6098 | D:9      | Slain by ReniFell's ghost

Skill      XL: |  1  2  3  4  5  6  7  8  9 |
---------------+----------------------------+-----
Fighting       | 4 5 6 8 9 11 | 11.1
Axes           | 2 4 |  4.6
Armour         | 2 4 |  4.7
Shields        | 2 4 |  4.1
Dodging        | |  0.8
Invocations    | |  2.4

Action                   |  1- 3 |  4- 6 |  7- 9 || total
-------------------------+-------+-------+-------++-------
Melee: Hand axe          |    84 |   209 |   143 ||   436
       Headbutt          |     6 |    41 |    45 ||    92
       War axe           |       |       |    74 ||    74
Invok: Depart the Abyss  |     1 |       |       ||     1
Evoke: Wand              |       |       |    15 ||    15
  Use: Scroll            |     8 |     3 |     7 ||    18
       Potion            |     3 |     2 |     5 ||    10
  Eat: Bread ration      |       |     2 |     2 ||     4
Armor: Ring mail         |    15 |       |       ||    15
       Leather armour    |     4 |       |       ||     4
       Plate armour      |    52 |   127 |   150 ||   329
Dodge: Dodged            |    31 |    25 |    46 ||   102
Block: Buckler           |    21 |    52 |   103 ||   176
